 Dungeon Crawl Stone Soup version 0.27-a0-1140-g099f9bb0e8 (webtiles) character file.

Game seed: 17144216535532897766

22 DemonSlayer the Cutter (level 3, -2/29 HPs)
             Began as a Human Berserker on May 10, 2021.
             Was a Follower of Trog.
             Frozen to death by an endoplasm (5 damage)
             ... on level 2 of the Dungeon.
             The game lasted 00:09:36 (2578 turns).

DemonSlayer the Cutter (Human Berserker)            Turns: 2578, Time: 00:09:37

Health: -2/29      AC:  6    Str: 18    XL:     3   Next: 7%
Magic:  3/3        EV: 10    Int:  7    God:    Trog [*.....]
Gold:   33         SH:  0    Dex: 12    Spells: 2/2 levels left

rFire    . . .     SeeInvis .   a - +0 short sword
rCold    . . .     Faith    .   (no shield)
rNeg     . . .     Spirit   .   g - +0 scale mail
rPois    .         Reflect  .   (no helmet)
rElec    .         Harm     .   (no cloak)
rCorr    .         Rampage  .   (no gloves)
Will     .....                  (no boots)
Stlth    ..........             (no amulet)
HPRegen  0.09/turn              (no ring)
MPRegen  0.08/turn              (no ring)

@: no status effects
A: no striking features
a: Renounce Religion, Berserk


You were on level 2 of the Dungeon.
You worshipped Trog.
Trog was aware of your devotion.
You visited 1 branch of the dungeon, and saw 2 of its levels.

You collected 33 gold pieces.

Inventory:

Hand Weapons
 a - a +0 short sword (weapon)
Armour
 b - a +0 animal skin
 g - a +0 scale mail (worn)
Magical Staves
 f - a staff of conjuration
Scrolls
 d - 2 scrolls of noise {unknown}
 e - a scroll of blinking {unknown}
 h - a scroll of vulnerability {unknown}
 i - a scroll of magic mapping {unknown}
Potions
 c - a potion of brilliance {unknown}


   Skills:
 + Level 3.2 Fighting
 + Level 3.4 Short Blades
 + Level 2.2 Armour
 + Level 2.2 Dodging


You had 2 spell levels left.
You didn't know any spells.
Your spell library was empty.

Dungeon Overview and Level Annotations

Branches:
Dungeon (2/15)

Altars:

Annotations:
D:2 Terence


Message History

Terence freezes you.
You hit Terence but do no damage.
Terence hits you with a +2 hand axe of freezing.
Terence freezes you.
You puncture Terence!
Terence is moderately wounded.
Terence hits you with a +2 hand axe of freezing.
Terence freezes you.
You barely miss Terence.
Terence is moderately wounded.
Terence hits you with a +2 hand axe of freezing.
Terence freezes you.
* * * LOW HITPOINT WARNING * * *
You barely miss Terence.
Terence is moderately wounded.
You hit Terence but do no damage.
Terence is moderately wounded.
Terence barely misses you.
You hit Terence.
Terence is heavily wounded.
Terence hits you but does no damage.
Your scale mail prevents you from hitting Terence.
Terence is heavily wounded.
Terence hits you with a +2 hand axe of freezing.
* * * LOW HITPOINT WARNING * * *
Terence freezes you.
* * * LOW HITPOINT WARNING * * *
You hit Terence.
Terence is severely wounded.
Terence hits you but does no damage.
An endoplasm comes into view.
The endoplasm quivers.
Found a stone staircase leading down.
Found 18 poisoned darts.
A rat comes into view.
You hit the endoplasm.
The endoplasm is severely wounded.
The endoplasm freezes you.
You are frozen.
You die...

....# .##.# ###.##.####
## # ....##.##.. ..
#.###..##.##.### @###
###...#(.....#.#<# ....
........###..#.#.#..####
..>...J@@...............
.............#.#.##..###
.......#####.#.#.# ....
.r..... ....... ...
....... ##.###.## .#
....... #.# #.# #
....... ..# #.# .......
.### #.#


You could see Terence, an endoplasm and a rat.

Vanquished Creatures
  A dart slug (D:1)
  A bat (D:1)
  An endoplasm (D:2)
  A giant cockroach (D:1)
  A goblin (D:1)
  2 hobgoblins (D:1)
  4 jackals (D:1)
  A kobold (D:1)
  A quokka (D:1)
  2 ball pythons (D:1)
  2 rats (D:1)
17 creatures vanquished.

Notes
Turn   | Place    | Note
-------+----------+-------------------------------------------
     0 | D:1      | DemonSlayer the Human Berserker began the quest for the
                  | Orb.
     0 | D:1      | Reached XP level 1. HP: 18/18 MP: 1/1
   625 | D:1      | Reached XP level 2. HP: 24/24 MP: 2/2
  1632 | D:1      | Reached XP level 3. HP: 10/29 MP: 3/3
  2555 | D:2      | Noticed Terence
  2578 | D:2      | Frozen to death by an endoplasm

Illustrated notes

Levels and vault maps discovered:
D:1:      dpeg_arrival_round_a, layout_basic, kennysheep_another_room
D:2:      layout_basic, uniq_natasha, uniq_robin, uniq_terence

Action                   || total
-------------------------++-------
Melee: Short sword       ||    76
Armor: Scale mail        ||    28
Dodge: Dodged            ||    52

Table legend: (Time is in decaauts)
 A = Elapsed time spent in this place.
 B = Non-inter-level travel time spent in this place.
 C = Inter-level travel time spent in this place.
 D = Time resting spent in this place.
 E = Time spent auto-exploring this place.
 F = Levels seen in this place.
 G = Mean time per level.
                   A        B        C        D        E       F      G
               +--------+--------+--------+--------+--------+-----+--------+
         Total |   2573 |   2573 |      0 |   1502 |    181 |   2 | 1286.5 |
       Dungeon |   2573 |   2573 |      0 |   1502 |    181 |   2 | 1286.5 |
               +--------+--------+--------+--------+--------+-----+--------+

Top non-repeatable levels by time:
     D:1: 2549 daAuts
     D:2: 24 daAuts
